 Dungeon Crawl Stone Soup version 0.21.1-1-g345015fe64 (webtiles) character file.

193 Bapho the Insei (level 5, 0/42 HPs)
             Began as a Draconian Transmuter on June 12, 2018.
             Splashed by a jelly's acid (10 damage)
             ... on level 4 of the Dungeon.
             The game lasted 00:08:18 (3897 turns).

Bapho the Insei (Draconian Transmuter)              Turns: 3897, Time: 00:08:20

Health: 0/42       AC: -2    Str: 12    XL:     5   Next: 43%
Magic:  6/9        EV: 19    Int: 13    God:
Gold:   167        SH:  0    Dex: 18    Spells: 3/9 levels left

rFire    . . .     SeeInvis .     - Unarmed
rCold    . . .     Gourm    .   (shield currently unavailable)
rNeg     . . .     Faith    .   (armour unavailable)
rPois    x         Spirit   .   (helmet currently unavailable)
rElec    .         Reflect  .   (cloak currently unavailable)
rCorr    .         Harm     .   (gloves currently unavailable)
MR       .....                  (boots currently unavailable)
Stlth    ++........             (no amulet)
HPRegen  0.14/turn              s - ring of wizardry
MPRegen  0.11/turn              (no ring)

@: spider-form (expiring), corroded
A: tiny, unfitting armour, AC +5
a: End Transformation


You were on level 4 of the Dungeon.
You were hungry.
You were a venomous arachnid creature.
You visited 1 branch of the dungeon, and saw 4 of its levels.

You collected 167 gold pieces.

Inventory:

Missiles
 a - 28 arrows
 h - 82 stones (quivered)
 l - 4 tomahawks of dispersal
Jewellery
 s - a ring of wizardry (left front leg)
Scrolls
 i - a scroll of immolation
 j - a scroll of identify
Potions
 d - a potion of curing
 e - a potion of degeneration {unknown}
 f - a potion of ambrosia {unknown}
 g - a potion of brilliance {unknown}
 k - a potion of flight {unknown}
 m - a potion of magic {unknown}
 n - a potion of cancellation {unknown}
 r - a potion of mutation {unknown}
Books
 b - a book of Changes

   Spells                             Type                      Level
   a - Beastly Appendage              Transmutation                1
   b - Sticks to Snakes               Transmutation                2
   c - Spider Form                    Transmutation/Poison         3
   d - Ice Form                       Ice/Transmutation            4
   e - Blade Hands                    Transmutation                5
Comestibles
 c - 8 rations


   Skills:
 * Level 2.5 Fighting
 - Level 1.7 Dodging
 * Level 4.1 Unarmed Combat
 + Level 2.9 Spellcasting
 - Level 3.3 Transmutations
 - Level 1.3 Poison Magic


You had 3 spell levels left.
You knew the following spells:

 Your Spells              Type           Power        Failure   Level  Hunger
a - Beastly Appendage     Tmut           ##....       7%          1    #......
b - Sticks to Snakes      Tmut           ##......     9%          2    ###....
c - Spider Form           Tmut/Pois      #.........   21%         3    ###....


Dungeon Overview and Level Annotations

Branches:
Dungeon (4/15)
 Temple: D:4-7

Altars:


Innate Abilities, Weirdness & Mutations

((Your plain brown scales are hard. (AC +5)))
You cannot fit into any form of body armour.
((You are cold-blooded and may be slowed by cold attacks.))


Message History

You hit the orc.
The orc is poisoned.
The orc is severely wounded.
The orc barely misses you.
You hit the orc.
You kill the orc!
You hit the jelly.
The jelly is poisoned.
Your front legs burn!
The jelly is lightly wounded.
The jelly barely misses you.
You hit the jelly.
Your front legs burn!
The jelly is moderately wounded.
The jelly misses you.
You hit the jelly.
Your front legs burn!
The jelly is moderately wounded.
You hit the jelly.
Your front legs burn!
* * * LOW HITPOINT WARNING * * *
The jelly is heavily wounded.
The jelly hits you.
* * * LOW HITPOINT WARNING * * *
The acid corrodes you!
You are splashed with acid!
The acid burns!
You die...

+. #. . #. ...(.((
.##########.
......J#+#####.#.......<..
.......#.......#..........
.....So#.......#..........
......o#.......#.........#
.......#.s.....#.........+
......†###J#####.........#
.......)J...........#+####
.......)............#...##
#######.............#...##
#.............#....#
#.............#...##
#.....######†##...##
........# #......##


You could see a jelly.

Vanquished Creatures
  A scorpion (D:4)
  An orc wizard (D:3)
  4 adders
  A worm (D:2)
  3 dart slugs
  2 leopard geckos
  6 orcs
  7 bats
  6 giant cockroaches
  6 goblins
  4 hobgoblins (D:2)
  20 jackals
  7 kobolds
  2 quokkas (D:2)
  5 frilled lizards
  5 rats
80 creatures vanquished.

Notes
Turn   | Place    | Note
-------+----------+-------------------------------------------
     0 | D:1      | Bapho the Draconian Transmuter began the quest for the Orb.
     0 | D:1      | Reached XP level 1. HP: 16/16 MP: 3/3
   247 | D:1      | Reached XP level 2. HP: 23/23 MP: 3/5
   375 | D:1      | HP: 1/24 [goblin/enchanted dagger (6)]
   939 | D:1      | Learned a level 2 spell: Sticks to Snakes
  1156 | D:1      | Reached XP level 3. HP: 24/29 MP: 4/6
  1440 | D:2      | Learned a level 3 spell: Spider Form
  2142 | D:2      | Reached XP level 4. HP: 36/36 MP: 5/7
  2551 | D:3      | Reached skill level 1 in Poison Magic
  3694 | D:4      | Reached skill level 4 in Unarmed Combat
  3694 | D:4      | Reached XP level 5. HP: 27/42 MP: 5/9
  3897 | D:4      | Splashed by a jelly's acid

Skill      XL: |  1  2  3  4 |
---------------+-------------+-----
Transmutations | 3 |  3.3
Poison Magic   | 1 |  1.3
Fighting       | 2 |  2.5
Unarmed Combat | 4 |  4.1
Dodging        | |  1.7
Spellcasting   | |  2.9

Action                   |  1- 3 |  4- 6 || total
-------------------------+-------+-------++-------
Melee: Unarmed           |   146 |   130 ||   276
       Tailslap          |    13 |    13 ||    26
       Headbutt          |     7 |    11 ||    18
       Kick              |    14 |     2 ||    16
       Punch             |     1 |     4 ||     5
Throw: Stone             |    70 |    60 ||   130
 Cast: Beastly Appendage |    25 |    11 ||    36
       Spider Form       |       |     3 ||     3
  Use: Scroll            |       |     5 ||     5
  Eat: Chunk             |     5 |     5 ||    10
Armor: Skin              |    39 |    31 ||    70
Dodge: Dodged            |    99 |    81 ||   180
